Map: Turbo Cruise '84 LE

Players

Namshar

  • Race: Zerg Zerg
  • League: Grandmaster
  • Spawn Location: 3:00

Elazer - Winner!

  • Race: Zerg Zerg
  • League: Master
  • Spawn Location: 7:00

Event: HomeStory Cup XIX

VOD

Have the link to the VOD?

Description

Time

  • Played on: June 28, 2019, 12:13 p.m.
  • Length: 7:26

All games in this series

Show
View Real Time Build Order
Export as new Build Order

Namshar Zerg 

Build Orders: Pool First 

Get SALT Encoding   

  12  0:17  Spawning Pool  
  11  0:22  Drone  
  11  0:26  Drone  
  13  0:31  Drone  
  14  0:39  Overlord  
  14  1:03  Zergling x4  
  16  1:05  Zergling x2  
  17  1:15  Zergling x2  
  18  1:18  Hatchery  
  17  1:26  Zergling x2  
  18  1:34  Queen  
  18  1:39  Drone  
  21  1:47  Overlord  
  21  1:59  Drone  
  22  2:11  Queen  
  24  2:24  Drone x2  
  23  2:31  Drone x2  
  24  2:40  Queen  
  24  2:41  Drone x2  
  27  2:44  Drone x3  
  30  2:55  Overlord  
  30  2:56  Drone  
  31  3:04  Drone  
  32  3:09  Extractor  
  32  3:10  Extractor  
  32  3:11  Drone  
  31  3:17  Drone x2  
  31  3:19  Drone x3  
  36  3:27  Drone x4  
  40  3:35  Evolution Chamber  
  39  3:42  Drone x2, Roach Warren  
  40  3:49  Drone x3  
  40  3:53  Evolution Chamber  
  40  3:54  Overlord  
  42  3:56  Overlord  
  42  4:04  Drone  
  43  4:14  Drone  
  43  4:15  Drone  
  45  4:18  Extractor  
  45  4:22  Drone x2  
  45  4:23  Drone  
  47  4:26  Zerg Missile Weapons Level 1  
  47  4:31  Drone  
  47  4:32  Drone  
  49  4:38  Lair  
  49  4:41  Drone  
  49  4:43  Drone  
  49  4:44  Drone, Extractor  
  51  4:46  Overlord  
  51  4:49  Hatchery  
  51  4:50  Roach x2  
  51  4:52  Roach  
  56  4:59  Overlord  
  56  5:05  Roach x5  
  66  5:09  Overlord  
  66  5:15  Drone  
  66  5:18  Zerg Ground Armor Level 1, Overlord  
  67  5:22  Roach  
  69  5:29  Ravager  
  69  5:32  Roach x2  
  74  5:40  Roach x5  
  84  5:49  Roach  
  88  5:50  Roach x2  
  81  6:00  Roach  
  81  6:03  Glial Reconstitution  
  81  6:04  Overlord  
  83  6:08  Drone x9  
  92  6:18  Overlord x3  
  92  6:27  Overlord  
  92  6:32  Overseer  
  92  6:35  Overlord  
  92  6:36  Overlord x2  
  92  6:38  Roach  
  96  6:40  Roach  
  96  6:41  Ravager x2  
  96  6:42  Ravager  
  96  6:43  Roach  
  96  6:46  Roach x3  
  107  6:58  Roach x3  
  97  7:05  Roach  
  97  7:06  Roach x2  
Show
View Real Time Build Order
Export as new Build Order

Elazer Zerg - Winner!

Build Orders: Hatch First 

Get SALT Encoding   

  12  0:00  Drone  
  13  0:12  Overlord  
  13  0:17  Drone  
  14  0:30  Drone x2  
  16  0:47  Hatchery  
  15  0:51  Drone  
  15  0:55  Drone  
  17  0:58  Drone  
  18  1:08  Extractor  
  17  1:13  Spawning Pool  
  17  1:17  Drone  
  17  1:20  Drone  
  18  1:27  Drone  
  19  2:00  Zergling x4  
  19  2:01  Zergling x2, Queen x2  
  22  2:02  Zergling x2  
  27  2:11  Zergling x2  
  28  2:29  Drone x3  
  28  2:33  Metabolic Boost  
  27  2:42  Overlord  
  27  2:56  Overlord  
  27  3:06  Drone  
  27  3:07  Drone x4  
  27  3:09  Drone  
  27  3:11  Drone  
  27  3:12  Drone  
  35  3:14  Drone x2  
  35  3:15  Drone  
  35  3:18  Drone  
  39  3:22  Drone  
  39  3:23  Drone  
  41  3:31  Overlord  
  41  3:32  Drone  
  42  3:41  Hatchery  
  42  3:44  Drone x2  
  43  3:51  Drone x2  
  43  3:52  Drone x2  
  43  3:54  Drone, Extractor  
  47  3:56  Drone  
  47  4:00  Evolution Chamber  
  47  4:03  Overlord  
  47  4:07  Drone  
  48  4:12  Extractor  
  48  4:13  Queen  
  48  4:14  Overlord  
  48  4:16  Drone x2  
  50  4:24  Drone x5  
  50  4:29  Drone  
  56  4:36  Overlord  
  56  4:37  Zerg Ground Armor Level 1, Overlord  
  55  4:45  Roach Warren  
  54  4:47  Zergling x6  
  54  4:48  Zergling x2  
  58  4:54  Zergling x4  
  58  4:58  Zergling x2  
  61  5:01  Overlord  
  61  5:05  Drone  
  63  5:07  Zergling x6  
  63  5:13  Zergling x4  
  67  5:17  Zergling x2  
  67  5:19  Hatchery  
  67  5:21  Zergling x2  
  67  5:22  Zergling x4  
  69  5:29  Overlord  
  69  5:34  Roach x6  
  80  5:37  Roach  
  80  5:39  Overlord  
  82  5:46  Roach x3  
  83  5:51  Roach x2  
  83  5:56  Roach  
  83  6:00  Roach x2  
  83  6:03  Ravager x4  
  91  6:06  Zergling x12  
  91  6:09  Zergling x4  
  99  6:17  Zergling x8  
  103  6:20  Ravager x2  
  103  6:24  Zergling x6  
  108  6:31  Overlord  
  108  6:36  Zergling x18  
  118  6:40  Ravager x2  
  118  6:42  Overlord  
  117  6:56  Zergling x14  
  118  7:02  Zergling x16  
  118  7:06  Zergling x4  
Tags
 
Add a new tag
Caveats
  • Supply blocks, unpowered buildings, or Contaminate may cause inaccurate times.
  • Supply counts are checked every 10 seconds.